 Dungeon Crawl Stone Soup version 0.30-a0-123-g91d0c66ccf (webtiles) character file.

Game seed: 14234435490496260131

297 Zonian the Magician (level 6, -1/41 HPs)
             Began as a Demonspawn Hedge Wizard on Sept 18, 2022.
             Was an Initiate of Cheibriados.
             Slain by a gnoll sergeant
             ... wielding a +0 spear
              (8 damage)
             ... on level 4 of the Dungeon.
             The game lasted 00:09:20 (6802 turns).

Zonian the Magician (Demonspawn Hedge Wizard)       Turns: 6802, Time: 00:09:21

Health: -1/41      AC: -3    Str: 11    XL:     6   Next: 12%
Magic:  5/11       EV: 13    Int: 19    God:    Cheibriados [......]
Gold:   183        SH:  0    Dex: 15    Spells: 9/12 levels left

rFire   . . .      SeeInvis .    m - +2 dagger (drain)
rCold   + . .      Faith    .    (no shield)
rNeg    + . .      Spirit   .    b - +0 robe
rPois   +          Reflect  .    c - +0 hat
rElec   +          Harm     .    (no cloak)
rCorr   .          Rampage  .    (no gloves)
Will    .....                    s - +0 pair of boots "Ujoohaufe" {*Corrode rElec rPois Dex+2}
Stlth   ++........               (no amulet)
HPRegen 0.13/turn                n - ring of protection from cold
MPRegen 0.12/turn                i - ring of positive energy

@: corroded, very slightly contaminated, very slow
A: antennae 1, molten scales 1, demonic guardian 1
a: Renounce Religion


You were on level 4 of the Dungeon.
You worshipped Cheibriados.
Cheibriados was noncommittal.
You visited 2 branches of the dungeon, and saw 5 of its levels.

You collected 183 gold pieces.

Inventory:

Hand Weapons
 a - a +0 dagger
 m - a +2 dagger of draining (weapon)
Armour
 b - a +0 robe (worn)
 c - a +0 hat (worn)
 s - the +0 pair of boots "Ujoohaufe" (worn) {*Corrode rElec rPois Dex+2}
   (You found it on level 3 of the Dungeon)

   Dex:       It affects your dexterity (+2).
   rElec:     It insulates you from electricity.
   rPois:     It protects you from poison.
   *Corrode:  It may corrode you when you take damage.
Jewellery
 h - a ring of ice
 i - a ring of positive energy (right hand)
 n - a ring of protection from cold (left hand)
Scrolls
 l - a scroll of torment
 q - 3 scrolls of teleportation
 r - 2 scrolls of magic mapping
Potions
 d - 3 potions of magic
 e - 2 potions of berserk rage
 f - 2 potions of curing
 j - a potion of lignification {unknown}
 k - a potion of heal wounds {unknown}
 o - a potion of mutation {unknown}
 u - a potion of attraction {unknown}
 v - a potion of flight {unknown}


   Skills:
 + Level 2.9 Dodging
 + Level 3.1 Stealth
 + Level 3.9 Spellcasting
 + Level 2.7 Conjurations
 - Level 1.5 Summonings
 + Level 2.4 Translocations
 + Level 0.1 Invocations


You had 9 spell levels left.
You knew the following spells:

 Your Spells              Type           Power      Damage    Failure   Level
a - Magic Dart            Conj           56%        1d5       4%          1
b - Blink                 Tloc           26%        N/A       8%          2

Your spell library contained the following spells:

 Spells                   Type           Power      Damage    Failure   Level
 Call Imp                 Summ           9%         N/A       12%         2
 Slow                     Hex            12%        N/A       14%         1
 Gell's Gravitas          Tloc           13%        N/A       16%         3
 Teleport Other           Tloc           13%        N/A       16%         3
 Cigotuvi's Dreadful Rot  Necr/Pois/Air  6%         N/A       22%         2
 Mephitic Cloud           Conj/Pois/Air  7%         N/A       28%         3
 Dispersal                Tloc           6%         N/A       100%        6


Dungeon Overview and Level Annotations

Branches:
Dungeon (4/15)             Temple (1/1) D:4

Altars:
Cheibriados
Dithmenos
Fedhas
Gozag
Kikubaaqudgha
Makhleb
Nemelex Xobeh
Qazlal
Ru
Trog
Uskayaw
Vehumet
Wu Jian
Yredelemnul

Annotations:
D:3 3 runed translucent doors, Splishie's ghost, amateur GnWn


Innate Abilities, Weirdness & Mutations

You have a pair of small antennae on your head.
You are partially covered in molten scales. (AC +2)
A weak demonic guardian rushes to your aid.


Message History

You kill the gnoll!
Cheibriados appreciates the change of pace.
You can't see any susceptible monsters within range! (Use Z to cast anyway.) Unknown command.
You have 183 gold pieces.
Unknown command.
You start resting.
Magic restored.
You start waiting.
Done waiting.
You start waiting.
Done waiting.
Unknown command.
The gnoll shouts!
You hear a shout! x2
A gnoll sergeant and a gnoll come into view.
The magic dart hits the gnoll but does no damage.
The magic dart hits the gnoll.
The gnoll is moderately wounded.
The gnoll barely misses you.
The magic dart hits the gnoll.
The gnoll is heavily wounded.
The magic dart hits the gnoll sergeant.
The gnoll sergeant is lightly wounded.
You miscast Magic Dart.
You are very lightly contaminated with residual magic.
Nothing appears to happen.
The gnoll sergeant hits you from afar with a +0 spear!
A demonic guardian appears!
Your corrosive artefact corrodes you!
The gnoll hits you from afar with a +0 spear!
The magic dart hits the gnoll sergeant but does no damage.
The gnoll sergeant is lightly wounded.
The gnoll sergeant hits you from afar with a +0 spear!
Your corrosive artefact corrodes you!
The gnoll hits you from afar with a +0 spear!
* * * LOW HITPOINT WARNING * * *
Unknown command.
The gnoll hits your iron imp but does no damage.
Your iron imp hits the gnoll!
The gnoll sergeant hits you from afar with a +0 spear!
You die...

............# ###...$.....
......#####.####.).#.......
...#.######.##...###.......
####.#..........###........
##......<.....###....g...
###..##.......>.##gg.......
.....##.....!...#5g########
####............#.##
####..#.........@.#
................###
................#
................#
..........#######
..........# ..........#
..........# ....


You could see a gnoll sergeant, 2 gnolls and a friendly iron imp (summoned).

Vanquished Creatures
  A black bear (D:4)
  Terence (D:3)
  A gnoll (D:4)
  9 adders
  4 dart slugs
  4 orcs
  4 endoplasms
  3 giant cockroaches (D:2)
  8 goblins
  8 hobgoblins
  6 kobolds
  5 quokkas
  7 ball pythons
  7 bats
  7 frilled lizards
  3 rats
78 creatures vanquished.

Notes
Turn   | Place    | Note
-------+----------+-------------------------------------------
     0 | D:1      | Zonian the Demonspawn Hedge Wizard began the quest for the
                  | Orb.
     0 | D:1      | Reached XP level 1. HP: 13/13 MP: 4/4
   100 | D:1      | Found a faded altar of an unknown god.
   199 | D:1      | Reached skill level 1 in Translocations
   353 | D:1      | Gained mutation: You are partially covered in molten
                  | scales. (AC +2) [demonic ancestry]
   353 | D:1      | Reached XP level 2. HP: 19/19 MP: 3/6
   356 | D:1      | Learned a level 2 spell: Blink
  1784 | D:1      | Reached XP level 3. HP: 24/24 MP: 3/7
  3044 | D:2      | Gained mutation: A weak demonic guardian rushes to your
                  | aid. [demonic ancestry]
  3044 | D:2      | Reached XP level 4. HP: 29/30 MP: 9/9
  3181 | D:2      | Found a basalt altar of Yredelemnul.
  4149 | D:3      | Found a runed translucent gate.
  4149 | D:3      | Found a runed translucent gate.
  4150 | D:3      | Found a runed translucent gate.
  4187 | D:3      | Noticed Splishie's ghost (amateur GnWn)
  4521 | D:3      | Identified the +0 pair of boots "Ujoohaufe" {*Corrode rElec
                  | rPois Dex+2}
  4546 | D:3      | Reached XP level 5. HP: 29/35 MP: 4/10
  4663 | D:3      | Noticed Terence
  4673 | D:3      | Killed Terence
  5248 | D:4      | Noticed a black bear
  5264 | D:4      | Killed a black bear
  5740 | D:4      | Gained mutation: You have a pair of small antennae on your
                  | head. [demonic ancestry]
  5740 | D:4      | Reached XP level 6. HP: 38/41 MP: 11/11
  5759 | D:4      | Identified the -2 cloak of Good Intentions {Str+3}
  6049 | D:4      | Found a staircase to the Ecumenical Temple.
  6070 | Temple   | Entered the Ecumenical Temple
  6200 | Temple   | Became a worshipper of Cheibriados the Contemplative
  6802 | D:4      | Slain by a gnoll sergeant

Illustrated notes

Levels and vault maps discovered:
D:1:      dpeg_arrival_long_road, layout_basic, ebering_ecumenical_altar_box,
          grunt_decor_junction, minmay_close_crescents
D:2:      layout_basic, basic_altar
D:3:      layout_basic, gammafunk_ghost_icy, uniq_terence
D:4:      layout_rooms, minmay_temple_entry_junction_2
Temple:   lightli_temple_of_artemis

Skill      XL: |  1  2  3  4  5 |
---------------+----------------+-----
Translocations | 1 2 |  2.4
Dodging        | 2 |  2.9
Stealth        | 2 3 |  3.1
Conjurations   | 2 |  2.7
Spellcasting   | |  3.9
Summonings     | |  1.5
Invocations    | |  0.1

Action                   |  1- 3 |  4- 6 || total
-------------------------+-------+-------++-------
Melee: Dagger            |    29 |    93 ||   122
       Punch             |       |     5 ||     5
 Cast: Magic Dart        |    75 |    37 ||   112
  Use: Scroll            |       |    11 ||    11
       Potion            |       |     1 ||     1
 Stab: Sleeping          |     1 |     9 ||    10
Armor: Robe              |    20 |    39 ||    59
Dodge: Dodged            |    41 |    92 ||   133

Table legend: (Time is in decaauts)
 A = Elapsed time spent in this place.
 B = Non-inter-level travel time spent in this place.
 C = Inter-level travel time spent in this place.
 D = Time resting spent in this place.
 E = Time spent auto-exploring this place.
 F = Levels seen in this place.
 G = Mean time per level.
                   A        B        C        D        E       F      G
               +--------+--------+--------+--------+--------+-----+--------+
         Total |   6868 |   6753 |    115 |   2629 |   3329 |   5 | 1373.6 |
       Dungeon |   6619 |   6518 |    101 |   2524 |   3224 |   4 | 1654.8 |
        Temple |    248 |    235 |     13 |    105 |    104 |   1 |  248.0 |
               +--------+--------+--------+--------+--------+-----+--------+

Top non-repeatable levels by time:
     D:1: 2302 daAuts
     D:2: 1837 daAuts
     D:3: 1793 daAuts
     D:4: 686 daAuts
  Temple: 248 daAuts
